 Dungeon Crawl Stone Soup version 0.14.0-6-g1bc2dff (webtiles) character file.

78 CrazyArbalest the Bolt Thrower (level 3, 4/26 HPs)
             Began as a Demonspawn Hunter on Apr 11, 2014.
             Quit the game on Level 1 of the Dungeon.
             The game lasted 00:02:15 (729 turns).

CrazyArbalest the Bolt Thrower (Demonspawn Hunter)   Turns: 729, Time: 00:02:15

HP   4/26        AC  3     Str 13      XL: 3   Next:  3%
MP   3/3         EV 11     Int 12      God:
Gold 48          SH  0     Dex 15      Spells:  0 memorised,  2 levels left

rFire  . . .     SeeInvis .     b - +1 crossbow
rCold  . . .     Clarity  .     d - +0 leather armour
rNeg   . . .     Conserve .     (no shield)
rPois  .         rCorr    .     (helmet restricted)
rElec  .         rRot     .     (no cloak)
SustAb . .       Spirit   .     (no gloves)
rMut   .         Warding  .     (no boots)
Saprov . . .     Stasis   .     (no amulet)
MR     .....                    (no ring)
                                (no ring)

@: not resistant to hostile enchantments, fairly stealthy
A: antennae 1, thin skeletal structure 1
a: no special abilities


You were on level 1 of the Dungeon.
You were not hungry.

You visited 1 branch of the dungeon, and saw 1 of its levels.

You collected 48 gold pieces.

Inventory:

Hand weapons
 a - a +0,+0 short sword
 b - a +1,+1 crossbow (weapon)
Missiles
 c - 7 bolts (quivered)
 o - 12 poisoned bolts
Armour
 d - a +0 leather armour (worn)
Comestibles
 f - 2 bread rations
 j - a meat ration
 l - 4 strawberries
Scrolls
 e - a scroll of fog {unknown}
 h - a scroll of remove curse {unknown}
 i - 4 scrolls of identify {unknown}
 k - a scroll of enchant armour {unknown}
 m - a scroll of amnesia {unknown}
 n - 3 scrolls of teleportation {unknown}
Potions
 g - 2 potions of curing {unknown}
 p - a potion of heal wounds {unknown}


   Skills:
 + Level 1.0 Fighting
 + Level 4.3 Crossbows
 + Level 0.6 Armour
 + Level 1.9 Dodging
 + Level 1.0 Stealth


You had 2 spell levels left.
You didn't know any spells.

Dungeon Overview and Level Annotations

Branches:
Dungeon (1/15)

Altars:


Innate Abilities, Weirdness & Mutations

You have a pair of small antennae on your head.
You have a somewhat thin skeletal structure (Dex +2, Stealth).


Message History

* * * LOW HITPOINT WARNING * * *
Firing (i - inventory. (,) - cycle):
c - 4 bolts (quivered)
Press: ? - help, Shift-Dir - straight line, f/p - ooze
Aim: an ooze (almost dead)
You shoot a bolt. The bolt hits the ooze.
You kill the ooze!
Firing (i - inventory. (,) - cycle):
c - 3 bolts (quivered)
Press: ? - help, Shift-Dir - straight line, f - ooze
Aim: an ooze (almost dead)
You shoot a bolt. The bolt hits the ooze.
You kill the ooze!
You have reached level 3!
Your experience leads to an increase in your attributes!
Increase (S)trength, (I)ntelligence, or (D)exterity?
You feel stronger.
Your demonic ancestry asserts itself...
A pair of antennae grows on your head!
c - 7 bolts (gained 5)
You see here 3 bolts.
You see here a jackal corpse.
Are you sure you want to abandon this character and quit the game? (Confirm with "yes".)

#.###.# #.# ####..# #.#
#.### #.## #....(#
#.###...###..#####.###.#
.................#.# #.#
.###'#######'###.#.# #.#
.#..⌠...>...⌠..#...# #.#
.#......<.....r#.#.# #.#
.'⌠....###....⌠'.#.###.#
.#.............#@......#
.#######'#######(#.#####
.#.?..h....) #.#.#
.#.........J.. #.#.#
.#........s....#.#.#
.###############.#.###
........)........#...#
...>........########.#
.........#### #.#


You could see a rat (wandering).

Vanquished Creatures
  A giant gecko (D:1)
  6 oozes (D:1)
  2 goblins (D:1)
  2 hobgoblins (D:1)
  A jackal (D:1)
  3 bats (D:1)
  2 giant newts (D:1)
  5 kobolds (D:1)
  2 rats (D:1)
24 creatures vanquished.

Notes
Turn   | Place    | Note
--------------------------------------------------------------
     0 | D:1      | CrazyArbalest, the Demonspawn Hunter, began the quest for the Orb.
     0 | D:1      | Reached XP level 1. HP: 15/15 MP: 1/1
   216 | D:1      | Reached skill level 1 in Stealth
   268 | D:1      | Gained mutation: You have a somewhat thin skeletal structure (Dex +2, Stealth). [demonic ancestry]
   268 | D:1      | Reached XP level 2. HP: 21/21 MP: 2/2
   403 | D:1      | Reached skill level 4 in Crossbows
   724 | D:1      | Gained mutation: You have a pair of small antennae on your head. [demonic ancestry]
   724 | D:1      | Reached XP level 3. HP: 4/26 MP: 3/3
   729 | D:1      | Quit the game

Action                   || total
-------------------------++-------
 Fire: Crossbow          ||    50
